 Dungeon Crawl Stone Soup version 0.21-a0-110-g8e1637b (webtiles) character file.

179 Leszczynek the Chopper (level 5, -1/46 HPs)
             Began as a Deep Dwarf Fighter on July 10, 2017.
             Slain by a gnoll
             ... wielding a +0 halberd
              (6 damage)
             ... on level 4 of the Dungeon.
             The game lasted 00:03:53 (610 turns).

Leszczynek the Chopper (Deep Dwarf Fighter)          Turns: 610, Time: 00:03:54

Health: -1/46      AC:  6    Str: 20    XL:     5   Next: 33%
Magic:  5/5        EV:  7    Int:  9    God:
Gold:   126        SH:  9    Dex: 12    Spells: 4/4 levels left

rFire    . . .     SeeInvis +   a - +0 war axe
rCold    . . .     Gourm    .   c - +0 shield
rNeg     . . .     Faith    .   b - +0 scale mail
rPois    .         Spirit   .   (no helmet)
rElec    .         Reflect  .   (no cloak)
rCorr    .         Harm     .   (no gloves)
MR       .....                  (no boots)
Stlth    ..........             (no amulet)
HPRegen  0.00/turn              h - ring of see invisible (curse)
MPRegen  0.09/turn              (no ring)

@: non-regenerating
A: damage resistance, heal wounds, sense surroundings 1, no regeneration
a: Heal Wounds


You were on level 4 of the Dungeon.
You were not hungry.

You visited 1 branch of the dungeon, and saw 4 of its levels.

You collected 126 gold pieces.

Inventory:

Hand Weapons
 a - a +0 war axe (weapon)
Missiles
 m - 2 tomahawks (quivered)
Armour
 b - a +0 scale mail (worn)
 c - a +0 shield (worn)
Jewellery
 h - a cursed ring of see invisible (left hand)
Scrolls
 e - 2 scrolls of identify {unknown}
 i - a scroll of teleportation {unknown}
 j - a scroll of fog {unknown}
Potions
 f - a potion of might
 k - a potion of haste {unknown}
 l - a potion of curing {unknown}
Comestibles
 d - 2 bread rations
 g - 9 chunks of flesh


   Skills:
 - Level 2.6 Fighting
 + Level 6.2 Axes
 - Level 3.2 Armour
 - Level 3.2 Shields


You had 4 spell levels left.
You didn't know any spells.

Dungeon Overview and Level Annotations

Branches:
Dungeon (4/15)
 Temple: D:4-7

Altars:


Innate Abilities, Weirdness & Mutations

You are resistant to damage.
You can heal yourself by infusing magical energy.
You passively map a small area around you.
You do not regenerate.


Message History

There is an entrance to a sewer on this level.
Hurry and find it before the portal rusts away!
You hear the brisk rusting of a very distant drain.
A giant cockroach and 3 gnolls come into view.
The gnoll shouts! x3; You hear a shout!
The gnoll hits you from afar with a halberd.
The giant cockroach closely misses you.
Found 12 gold pieces.
Found a stone staircase leading down.
There is a stone staircase leading up here.
Unknown command.
The gnoll barely misses you. The giant cockroach barely misses you.
The gnoll hits you with a halberd!
Unknown command.
You completely miss the gnoll. You hit the gnoll.
You slash the giant cockroach!
You kill the giant cockroach!
The gnoll hits you with a flail!
The gnoll hits you from afar with a halberd!
* * * LOW HITPOINT WARNING * * *
The gnoll hits you with a halberd!
You die...

, , #.....# , *
##.....# * , ,
##..$...#### ,
, #.......#.. ,
, *
#.........*, ,
#...g...###..
###....gg.>....
* .......@..#
,##.#....<.# ,
* * ###.#### ,
* * * #.* , , ,
* * #. , * , ##
, , * , ,, ,, ,
** , , , * *,


You could see 3 gnolls.

Vanquished Creatures
  An orc wizard (D:3)
  2 orc priests (D:3)
  A worker ant zombie (D:3)
  2 adders (D:2)
  An adder zombie (D:3)
  2 adder skeletons (D:3)
  A leopard gecko (D:3)
  14 orcs (D:3)
  4 bats
  A giant cockroach (D:4)
  4 goblins
  3 hobgoblins (D:3)
  A quokka (D:3)
  A frilled lizard (D:1)
  A jackal skeleton (D:3)
  A jackal zombie (D:3)
  A kobold (D:3)
41 creatures vanquished.

Notes
Turn   | Place    | Note
-------+----------+-------------------------------------------
     0 | D:1      | Leszczynek the Deep Dwarf Fighter began the quest for the Orb.
     0 | D:1      | Reached XP level 1. HP: 20/20 MP: 1/1
   202 | D:2      | Reached skill level 3 in Axes
   202 | D:2      | Reached XP level 2. HP: 24/27 MP: 2/2
   295 | D:3      | Reached XP level 3. HP: 26/33 MP: 3/3
   298 | D:3      | Reached skill level 4 in Axes
   323 | D:4      | Noticed an ogre
   359 | D:3      | Reached XP level 4. HP: 17/40 MP: 4/4
   445 | D:3      | Reached skill level 5 in Axes
   531 | D:3      | Reached XP level 5. HP: 42/46 MP: 5/5
   535 | D:3      | Reached skill level 6 in Axes
   610 | D:4      | HP: 5/46 [gnoll/halberd (7)]
   610 | D:4      | Slain by a gnoll

Vault maps used:
D:1:      nicolae_arrival_somewhat_less_tricky_arrival
D:2:      first_bread
D:3:      serial_undead, serial_undead_b, serial_undead_f, serial_undead_b,
          serial_undead_f, serial_undead_a, serial_undead_a
D:4:      gup_sewer_entry_spiral, nrook_uturn, uniq_menkaure

Skill      XL: |  1  2  3  4  5 |
---------------+----------------+-----
Axes           | 3 4 5 6 |  6.2
Fighting       | |  2.6
Armour         | |  3.2
Shields        | |  3.2

Action                   |  1- 3 |  4- 6 || total
-------------------------+-------+-------++-------
Melee: War axe           |    40 |    60 ||   100
 Abil: Heal Wounds       |       |     1 ||     1
Armor: Scale mail        |    12 |    29 ||    41
Dodge: Dodged            |    14 |    26 ||    40
Block: Shield            |    22 |    33 ||    55
